 Dungeon Crawl Stone Soup version 0.29-a0-551-gffc1d7fb78 (webtiles) character file.

Game seed: 17943401328646263474

250 shadowstone the Covered (level 6, -7/38 HPs)
             Began as a Gargoyle Fighter on June 5, 2022.
             Was an Initiate of Qazlal.
             Killed from afar by a steam dragon (23 damage)
             ... with a ball of steam
             ... on level 7 of the Dungeon.
             The game lasted 00:13:09 (3328 turns).

shadowstone the Covered (Gargoyle Fighter)          Turns: 3328, Time: 00:13:10

Health: -7/38      AC: 11    Str: 21    XL:     6   Next: 13%
Magic:  6/6        EV:  9    Int:  9    God:    Qazlal [......]
Gold:   105        SH:  4    Dex:  9    Spells: 5/5 levels left

rFire   . . .      SeeInvis .   e - +1 dagger (venom)
rCold   . . .      Faith    .   c - +0 buckler
rNeg    + . .      Spirit   .   b - +0 scale mail
rPois   ∞          Reflect  .   (no helmet)
rElec   +          Harm     .   (no cloak)
rCorr   .          Rampage  .   (no gloves)
Will    .....                   (no boots)
Stlth   ..........              (no amulet)
HPRegen 0.12/turn               (no ring)
MPRegen 0.10/turn               (no ring)

@: no status effects
A: sickness immunity, AC +4, negative energy resistance 1, electricity
resistance, torment resistance 1, petrification resistance
a: Renounce Religion


You were on level 7 of the Dungeon.
You worshipped Qazlal.
Qazlal was noncommittal.
You visited 2 branches of the dungeon, and saw 6 of its levels.

You collected 105 gold pieces.

Inventory:

Hand Weapons
 a - a +0 trident
 e - a +1 dagger of venom (weapon)
 k - a +0 shortbow
Armour
 b - a +0 scale mail (worn)
 c - a +0 buckler (worn)
Scrolls
 d - a scroll of enchant armour {unknown}
 h - a scroll of immolation {unknown}
 j - a scroll of brand weapon {unknown}
Potions
 f - a potion of invisibility {unknown}
 g - a potion of curing {unknown}
 i - a potion of brilliance {unknown}


   Skills:
 + Level 3.8 Fighting
 + Level 2.0 Short Blades
 + Level 2.2 Polearms
 + Level 4.6 Armour
 + Level 1.5 Dodging
 + Level 1.3 Stealth
 + Level 4.2 Shields


You had 5 spell levels left.
You didn't know any spells.
Your spell library contained the following spells:

 Spells                   Type           Power      Damage    Failure   Level
 Freeze                   Ice            0%         1d3       80%         1
 Frozen Ramparts          Ice            0%         1d2       99%         3
 Hailstorm                Conj/Ice       0%         3d3       100%        4


Dungeon Overview and Level Annotations

Branches:
Dungeon (7/15)             Temple (1/1) D:6

Altars:
Ashenzari
Cheibriados
Elyvilon
Fedhas
Gozag
Hepliaklqana
Kikubaaqudgha
Makhleb
Nemelex Xobeh
Okawaru
Qazlal
Ru
Sif Muna
Trog
Uskayaw
Vehumet
Wu Jian
Xom
Yredelemnul
Zin
The Shining One

Shops:
D:2 (


Innate Abilities, Weirdness & Mutations

You are immune to sickness and miasma.
Your stone body is resilient. (AC +4)
You are immune to poison.
You resist negative energy. (rN+)
You are resistant to electric shocks. (rElec)
You are resistant to unholy torment.
You are immune to petrification.


Message History

You hit the centaur.
The centaur looks as sick as possible!
The centaur is heavily wounded.
The centaur hits you. The centaur barely misses you.
You block the centaur's attack. x2
You hit the centaur but do no damage.
The centaur is severely wounded.
The centaur hits you but does no damage.
The centaur barely misses you.
You hit the centaur.
You kill the centaur!
Qazlal accepts your kill.
Your Short Blades skill increases to level 2!
You have reached level 6!
Things that are here:
a +0 shortbow; a centaur corpse
k - a +0 shortbow
There are no objects that can be picked up here. a centaur corpse You see here a centaur corpse.
You start resting.
HP restored.
You open the door.
Found a scroll labelled GYWOLE KEOQYO.
There is an open door here.
A steam dragon comes into view.
The steam dragon hisses angrily.
The steam dragon breathes steam at you. The ball of steam hits you.
The steam dragon breathes steam at you. The ball of steam hits you!
The steam dragon bites you. The steam dragon closely misses you.
You hit the steam dragon but do no damage.
The steam dragon is poisoned.
The steam dragon bites you but does no damage.
The steam dragon claws you but does no damage.
You hit the steam dragon but do no damage.
The steam dragon breathes steam at you. The ball of steam hits you!!
Ouch! That really hurt!
You die...

######.##
#.).....#....+
#..<....#....#
##..##..#....#+###
##†.#####........#
#.......+........#
#.......#........#
#.......#.D......#
##..#####§@§.....#
##+##..##.....######..
#.......#.....#
#.......'.....#
#..######.....# #..
#......### #. #......#
# #......# +......'


You could see a steam dragon (poisoned, catching breath).

Vanquished Creatures
  A black bear (D:6)
  A centaur (D:7)
  2 adders
  2 white imps (D:6)
  A worm (D:2)
  A dart slug (D:3)
  3 orcs
  4 ball pythons
  3 bats (D:1)
  6 endoplasms
  4 giant cockroaches
  5 hobgoblins
  3 kobolds
  2 quokkas
  A frilled lizard (D:2)
  2 goblins
  A rat (D:1)
42 creatures vanquished.

Vanquished Creatures (others)
  3 fungi (D:1)
  3 plants (D:1)
6 creatures vanquished.

Grand Total: 48 creatures vanquished

Notes
Turn   | Place    | Note
-------+----------+-------------------------------------------
     0 | D:1      | shadowstone the Gargoyle Fighter began the quest for the
                  | Orb.
     0 | D:1      | Reached XP level 1. HP: 14/14 MP: 1/1
   362 | D:1      | Reached XP level 2. HP: 19/19 MP: 2/2
   516 | D:1      | Found a faded altar of an unknown god.
   560 | D:1      | Prayed at the altar of an unknown god.
   560 | D:1      | Became a worshipper of Elyvilon the Healer
   560 | D:1      | Reached * piety under Elyvilon
   919 | D:2      | Reached XP level 3. HP: 19/23 MP: 3/3
  1027 | D:2      | Reached skill level 1 in Stealth
  1114 | D:2      | Found Lirolip's Weapon Boutique.
  1492 | D:3      | Reached ** piety under Elyvilon
  1514 | D:3      | Found a sacrificial altar of Ru.
  1514 | D:3      | Found a shimmering altar of Xom.
  1741 | D:3      | Reached skill level 1 in Dodging
  1741 | D:3      | Reached XP level 4. HP: 28/28 MP: 4/4
  1752 | D:3      | Fell from the grace of Elyvilon
  1752 | D:3      | Became a worshipper of Ru the Awakened
  1877 | D:3      | You fall into a shaft and drop 3 floors!
  2172 | D:6      | Found a staircase to the Ecumenical Temple.
  2195 | Temple   | Entered the Ecumenical Temple
  2595 | Temple   | Fell from the grace of Ru
  2595 | Temple   | Became a worshipper of Qazlal Stormbringer
  2786 | D:6      | Noticed a black bear
  2802 | D:6      | Killed a black bear
  2803 | D:6      | Reached skill level 1 in Short Blades
  2803 | D:6      | Reached XP level 5. HP: 5/33 MP: 5/5
  3170 | D:7      | Noticed a centaur
  3180 | D:7      | Killed a centaur
  3181 | D:7      | Reached XP level 6. HP: 23/38 MP: 6/6
  3320 | D:7      | Noticed a steam dragon
  3328 | D:7      | Killed from afar by a steam dragon

Illustrated notes

Levels and vault maps discovered:
D:1:      mrwooster_arrival_arrow, layout_basic,
          shapermc_ecumenical_altar_ellora
D:2:      layout_loops_cross, serial_shops, shop
D:3:      layout_rooms, gammafunk_temple_overflow_pools
D:6:      layout_basic, minmay_temple_entry_offerings
D:7:      layout_gridville, uniq_joseph
Temple:   mainiacjoe_temple_big_plus

Skill      XL: |  1  2  3  4  5 |
---------------+----------------+-----
Polearms       | 2 |  2.2
Stealth        | 1 |  1.3
Dodging        | 1 |  1.5
Short Blades   | 1 2 |  2.0
Armour         | 4 |  4.6
Shields        | 4 |  4.2
Fighting       | |  3.8

Action                   |  1- 3 |  4- 6 || total
-------------------------+-------+-------++-------
Melee: Trident           |    78 |       ||    78
       Dagger            |    64 |    41 ||   105
  Use: Potion            |       |     1 ||     1
Armor: Scale mail        |    77 |    39 ||   116
Dodge: Dodged            |    71 |    27 ||    98
Block: Buckler           |    37 |    15 ||    52

Table legend: (Time is in decaauts)
 A = Elapsed time spent in this place.
 B = Non-inter-level travel time spent in this place.
 C = Inter-level travel time spent in this place.
 D = Time resting spent in this place.
 E = Time spent auto-exploring this place.
 F = Levels seen in this place.
 G = Mean time per level.
                   A        B        C        D        E       F      G
               +--------+--------+--------+--------+--------+-----+--------+
         Total |   3347 |   3336 |     11 |   1160 |      0 |   6 |  557.8 |
       Dungeon |   2815 |   2813 |      2 |   1160 |      0 |   5 |  563.0 |
        Temple |    531 |    522 |      9 |      0 |      0 |   1 |  531.0 |
               +--------+--------+--------+--------+--------+-----+--------+

Top non-repeatable levels by time:
     D:1: 909 daAuts
     D:6: 762 daAuts
     D:2: 600 daAuts
  Temple: 531 daAuts
     D:3: 385 daAuts
     D:7: 157 daAuts
